AoeStats
← hanyok master

Nomad

510812969Analyzed
4v4 RM · 22h ago on Oct 2, 2026· 54m 26s· 8 players
Game mode
Random Map
Map size
231×231
Population
200
Speed
Normal
Resources
Standard
Victory
Conquest
Starting age
Dark Age
Ending age
Imperial Age
RankedLock teamsTeams togetherTeam positionsShared explorationLock speedFull tech treeHidden civsTurbo modeCheats
Victory
Defeat
🇨🇱 Spanish · Chile
1229
+13
🇧🇷 Persians · Brazil
1199
+15
🇮🇹 Italians · Italy
1140
+17
🇪🇸 Italians · Spain
1133
+17
🇰🇿 Khmer · Kazakhstan
1181
-16
🇸🇪 Franks · Sweden
1171
-16
🇮🇱 Gurjaras · Israel
1164
-15
🇬🇧 Chinese · United Kingdom
1141
-15
Stockholm
6:33 Loom
14:35 Feudal Age
34:03 Castle Age
32:56 Stone Mining
35:23 Scale Barding Armor
37:39 Forging
37:49 Chain Barding Armor
40:08 Gold Mining
40:55 Wheelbarrow
41:59 Gold Shaft Mining
42:09 Husbandry
46:49 Scale Mail Armor
BIGBALZIE
2:58 Loom
13:29 Feudal Age
14:16 Double-Bit Axe
16:49 Horse Collar
23:08 Castle Age
21:30 Stone Mining
21:33 Gold Mining
23:00 Wheelbarrow
22:29 Fletching
22:40 Padded Archer Armor
25:00 Bodkin Arrow
25:21 Leather Archer Armor
33:52 Heavy Plow
34:04 Bow Saw
34:33 Ballistics
35:02 Stone Shaft Mining
38:12 Imperial Age
36:20 Town Watch
36:51 Hand Cart
40:06 Murder Holes
40:17 Bracer
40:47 Ring Archer Armor
39:48 Heavy Rocket Cart
42:31 Conscription
hanyok master
9:30 Loom
13:05 Feudal Age
13:54 Double-Bit Axe
15:17 Town Watch
16:47 Horse Collar
21:46 Castle Age
23:08 Wheelbarrow
23:19 Scale Mail Armor
25:32 Sanctity
25:42 Forging
25:25 Fletching
26:10 Gold Mining
27:40 Redemption
30:23 Chain Mail Armor
30:25 Heavy Plow
31:38 Arson
32:55 Bow Saw
32:51 Stone Mining
34:55 Forging
35:53 Hand Cart
37:15 Bodkin Arrow
DarkDaiver
3:08 Loom
15:22 Feudal Age
18:41 Castle Age
16:50 Double-Bit Axe
17:40 Fishing Lines
18:22 Bloodlines
19:39 Forging
19:35 Scale Barding Armor
20:04 Bow Saw
20:47 Husbandry
21:26 Iron Casting
20:50 Gold Mining
21:42 Gillnets
23:10 Chain Barding Armor
23:45 Wheelbarrow
25:11 Medium Warships
27:13 Horse Collar
28:34 Heavy Plow
29:09 Fletching
31:21 Gold Shaft Mining
32:11 Stone Mining
32:45 Hand Cart
34:03 Light Cavalry
36:12 Stone Shaft Mining
40:25 Imperial Age
40:34 Hussar
42:27 Blast Furnace
43:46 Conscription
44:05 Plate Barding Armor
42:55 Elite Skirmisher
43:33 Bodkin Arrow
43:38 Padded Archer Armor
46:53 Bracer
47:09 Leather Archer Armor
Chexco9004
5:07 Loom
13:08 Feudal Age
beiza -opsleagues
3:22 Loom
5:20 Loom
12:32 Feudal Age
17:12 Castle Age
16:02 Stone Mining
16:11 Horse Collar
19:45 Double-Bit Axe
21:40 Bow Saw
21:48 Heavy Plow
22:24 Fletching
23:37 Padded Archer Armor
25:01 Bodkin Arrow
25:49 Scale Mail Armor
28:52 Leather Archer Armor
29:40 Wheelbarrow
50:27 Hand Cart
52:55 Town Watch
56:10 Imperial Age
54:08 Town Patrol
54:50 Gold Mining
joaopessoense
5:16 Loom
15:22 Feudal Age
16:03 Double-Bit Axe
16:10 Gold Mining
18:55 Fishing Lines
22:48 Castle Age
23:51 Bow Saw
24:43 Gold Shaft Mining
24:06 Gillnets
24:17 Horse Collar
27:19 Medium Warships
28:19 Wheelbarrow
28:18 Forging
30:16 Husbandry
30:27 Bloodlines
31:27 Scale Barding Armor
31:57 Iron Casting
32:12 Heavy Plow
33:00 Hand Cart
36:22 Imperial Age
36:17 Kamandaran
36:11 Cavalier
37:35 Crossbowman
38:20 Thumb Ring
38:41 Conscription
38:23 Town Watch
38:04 Savar
42:36 Chain Barding Armor
43:17 Blast Furnace
50:39 Spies/Treason
Ubi maior
6:31 Loom
14:20 Feudal Age
15:53 Fletching
20:27 Castle Age
18:16 Double-Bit Axe
19:45 Wheelbarrow
19:06 Gold Mining
21:23 Medium Warships
21:11 Bodkin Arrow
22:23 Bow Saw
24:18 Horse Collar
26:29 Heavy Plow
27:52 Hand Cart
30:41 Padded Archer Armor
32:22 Ballistics
33:03 Stone Mining
33:45 Leather Archer Armor
37:08 Imperial Age
37:14 Onager
39:26 Elite Genoese Crossbowman
40:15 Bracer
40:46 Ring Archer Armor
42:20 Chemistry
41:53 Crop Rotation
48:16 Two-Man Saw
51:52 Spies/Treason
Connection lost

Rejoining the realm…

Still unreachable

The connection could not be restored.

Session expired

The server has moved on; the page needs a fresh start.